 Dungeon Crawl Stone Soup version 0.30.1-11-g7821555f0a (webtiles) character file.

Game seed: 6495361225799882915

544 KittyFluff the Cudgeller (level 7, -5/44 HPs)
             Began as a Gargoyle Berserker on Nov 11, 2023.
             Was a Priest of Trog.
             Slain by an ice beast (11 damage)
             ... on level 5 of the Dungeon.
             The game lasted 00:16:25 (3367 turns).

KittyFluff the Cudgeller (Gargoyle Berserker)       Turns: 3367, Time: 00:16:27

Health: -5/44      AC: 12    Str: 29    XL:     7   Next: 27%
Magic:  7/7        EV: 12    Int:  7    God:    Trog [***...]
Gold:   232        SH:  0    Dex: 15    Spells: 6/6 levels left

rFire   . . .        E - +4 whip
rCold   . . .        (no shield)
rNeg    + . .        z - +0 leather armour
rPois   ∞            (no helmet)
rElec   +            A - +2 cloak
rCorr   .            x - +0 pair of gloves
SInv    .            (no boots)
Will    .....        (no amulet)
Stlth   ++           h - +6 ring of strength
HPRegen 0.27/turn    i - +6 ring of dexterity
MPRegen 0.10/turn

%: no passive effects
@: no status effects
A: sickness immunity, AC +4, negative energy resistance 1, electricity
resistance, torment resistance 1, petrification resistance
a: Renounce Religion, Berserk, Trog's Hand


You were on level 5 of the Dungeon.
You worshipped Trog.
Trog was most pleased with you.
You visited 1 branch of the dungeon, and saw 5 of its levels.

You collected 232 gold pieces.

Inventory:

Hand Weapons
 a - a +0 mace
 k - a +0 sling
 E - a +4 whip (weapon)
 F - a +0 quarterstaff
Armour
 x - a +0 pair of gloves (worn)
 z - a +0 leather armour (worn)
 A - a +2 cloak (worn)
 C - the +6 ring mail of Poun {rElec rF+ rC- Dex+2}
   (You found it on level 4 of the Dungeon)

   Dex:       It affects your dexterity (+2).
   rF:        It protects you from fire.
   rC:        It makes you vulnerable to cold.
   rElec:     It insulates you from electricity.
Jewellery
 h - a +6 ring of strength (left hand)
 i - a +6 ring of dexterity (right hand)
 q - a ring of flight
 t - a ring of positive energy
Scrolls
 b - a scroll of teleportation {unknown}
 e - 2 scrolls of fog {unknown}
 j - a scroll of magic mapping {unknown}
 l - a scroll of enchant armour {unknown}
 n - a scroll of acquirement {unknown}
 o - a scroll of blinking {unknown}
 p - a scroll of vulnerability {unknown}
 u - a scroll of brand weapon {unknown}
 y - 3 scrolls of identify {unknown}
 B - a scroll of amnesia {unknown}
 D - a scroll of immolation {unknown}
Potions
 c - 3 potions of lignification {unknown}
 d - 3 potions of heal wounds {unknown}
 f - a potion of might {unknown}
 g - 8 potions of curing {unknown}
 m - 3 potions of flight {unknown}
 r - 2 potions of degeneration {unknown}
 s - 2 potions of cancellation {unknown}
 v - a potion of mutation {unknown}
 w - 2 potions of invisibility {unknown}


   Skills:
 + Level 4.3 Fighting
 * Level 5.1 Maces & Flails
 * Level 4.7 Armour
 + Level 2.7 Dodging
 + Level 3.1 Stealth


You had 6 spell levels left.
You didn't know any spells.
Your spell library was empty.

Dungeon Overview and Level Annotations

Branches:
Dungeon (5/15)
 Temple: D:4-7

Altars:
Gozag
Vehumet
Wu Jian


Innate Abilities, Weirdness & Mutations

You are immune to sickness and miasma.
Your stone body is resilient. (AC +4)
You are immune to poison.
You resist negative energy. (rN+)
You are resistant to electric shocks. (rElec)
You are resistant to unholy torment.
You are immune to petrification.


Message History

You whack the hound!
The hound is almost dead.
The hound barely misses you. The hound bites you but does no damage.
You hit the hound.
You kill the hound!
Trog accepts your kill.
Things that are here:
a +0 leather armour; a hound corpse
Found a trident.
Found 10 gold pieces.
e - 2 scrolls labelled MALEH MAED (gained 1)
You now have 232 gold pieces (gained 10).
Things that are here:
a +0 leather armour; a hound corpse
Found a stone staircase leading down.
c - 3 bubbling amethyst potions (gained 2)
An ice beast comes into view.
Found 3 stones.
You whack the ice beast!
The ice beast is moderately wounded.
The ice beast hits you. The ice beast freezes you!
You hit the ice beast.
The ice beast is heavily wounded.
You hit the ice beast but do no damage.
The ice beast is heavily wounded.
The ice beast hits you. The ice beast freezes you!
You hit the ice beast but do no damage.
The ice beast is heavily wounded.
The ice beast hits you but does no damage.
You hit the ice beast.
The ice beast is severely wounded.
The ice beast hits you. The ice beast freezes you!
* * * LOW HITPOINT WARNING * * *
You hit the ice beast.
The ice beast is severely wounded.
You hear the slow hiss of an avalanche of sand nearby.
The ice beast hits you.
* * * LOW HITPOINT WARNING * * *
The ice beast freezes you!
You die...

#.....#
+.....+
#.....#
#.....#
#.....#
#.....#
#.....###.#
#..@Y.(...#
#.#######..
#.#....
####.#...#
#..).#..<#
#....#..##
#....#...#
#.....[..#
#....#...#


You could see an ice beast.

Vanquished Creatures
  Sigmund (D:2)
  A phantom (D:4)
  A scorpion (D:4)
  A hound (D:5)
  A jelly (D:3)
  An iguana (D:4)
  Robin (D:2)
  7 adders
  A worm (D:2)
  2 dart slugs (D:1)
  6 orcs (D:4)
  4 endoplasms
  3 giant cockroaches
  11 goblins
  11 hobgoblins
  6 kobolds
  3 quokkas
  4 ball pythons
  4 bats
  4 frilled lizards
  11 rats
  A spectral kobold (D:3)
85 creatures vanquished.

Notes
Turn   | Place    | Note
-------+----------+-------------------------------------------
     0 | D:1      | KittyFluff the Gargoyle Berserker began the quest for the
                  | Orb.
     0 | D:1      | Reached XP level 1. HP: 14/14 MP: 1/1
    40 | D:1      | Reached XP level 2. HP: 14/19 MP: 2/2
   516 | D:1      | Reached skill level 1 in Stealth
   516 | D:1      | Reached XP level 3. HP: 22/23 MP: 3/3
   691 | D:2      | Reached ** piety under Trog
  1011 | D:2      | Reached XP level 4. HP: 24/28 MP: 4/4
  1250 | D:2      | Noticed Sigmund
  1256 | D:2      | Killed Sigmund
  1257 | D:2      | Reached skill level 4 in Maces & Flails
  1257 | D:2      | Reached XP level 5. HP: 31/33 MP: 5/5
  1257 | D:2      | Reached XP level 6. HP: 36/38 MP: 6/6
  1425 | D:2      | Noticed Robin
  1434 | D:2      | Killed Robin
  1470 | D:2      | HP: 1/38 [goblin/+0 club[Robin] (3)]
  2045 | D:3      | Found a faded altar of an unknown god.
  2212 | D:3      | Found a radiant altar of Vehumet.
  2417 | D:4      | Found an opulent altar of Gozag.
  2584 | D:4      | Identified the +6 ring mail of Poun {rElec rF+ rC- Dex+2}
  2632 | D:4      | Reached *** piety under Trog
  2774 | D:4      | Reached XP level 7. HP: 43/43 MP: 7/7
  2820 | D:4      | Reached skill level 5 in Maces & Flails
  2875 | D:4      | Found an ornate altar of the Wu Jian Council.
  2896 | D:4      | Noticed a spectral centipede
  2896 | D:4      | Noticed a spectral black mamba
  2896 | D:4      | Noticed a spectral cane toad
  3315 | D:5      | Entered Level 5 of the Dungeon
  3367 | D:5      | Slain by an ice beast

Illustrated notes

Levels and vault maps discovered:
D:1:      sevenhm_arrival_forest_fort_small_5, layout_basic
D:2:      layout_basic, minmay_randomly_rotated_circles, uniq_sigmund,
          uniq_robin
D:3:      layout_rooms, lemuel_coloured_pillars_altar,
          dreamdust_ecumenical_altar_drowned_temple, chequers_arboretum,
          st_stairs_14
D:4:      layout_basic, pdpol_wu_jian_five_deadly_venoms,
          nicolae_gozag_seed_capital, grunt_ministairs_10, minivault_24,
          chequers_avenue
D:5:      nicolae_cairo_tiling_very_big, layout_basic, cheibriados_altar_2,
          demons_altar, enter_ossuary_4, gammafunk_ghost_necromancy,
          uniq_duvessa

Skill      XL: |  1  2  3  4  5  6  7 |
---------------+----------------------+-----
Stealth        | 1 2 3 |  3.1
Armour         | 3 4 |  4.7
Dodging        | 2 |  2.7
Fighting       | 4 |  4.3
Maces & Flails | 4 5 |  5.1

Action                     |  1- 3 |  4- 6 |  7- 9 || total
---------------------------+-------+-------+-------++-------
  Melee: Mace              |    82 |   144 |    30 ||   256
         Punch             |       |     1 |     2 ||     3
         Whip              |       |       |    15 ||    15
    Use: Scroll            |     1 |       |       ||     1
   Stab: Sleeping          |     2 |     3 |     1 ||     6
 Armour: Animal skin       |    36 |    27 |       ||    63
         Leather armour    |       |    25 |    13 ||    38
  Dodge: Dodged            |    62 |    88 |    15 ||   165
